 Dungeon Crawl Stone Soup version 0.29-a0-721-g7f417c9bbb (webtiles) character file.

Game seed: 14774779957223752857

912 Shayle the Ruffian (level 8, 0/72 HPs)
             Began as a Naga Warper on June 27, 2022.
             Slain by Pikel
             ... wielding a +0 whip of flaming
              (4 damage)
             ... on level 5 of the Dungeon.
             The game lasted 00:20:44 (6199 turns).

Shayle the Ruffian (Naga Warper)                    Turns: 6199, Time: 00:20:44

Health: 0/72       AC:  6    Str: 13    XL:     8   Next: 9%
Magic:  13/13      EV:  7    Int: 17    God:
Gold:   152        SH:  0    Dex: 10    Spells: 12/14 levels left

rFire   . . .      SeeInvis +   p - +7 rapier of Chaos {holy, rElec}
rCold   . . .      Faith    .   (no shield)
rNeg    . . .      Spirit   .   g - +0 scale mail
rPois   +          Reflect  .   (no helmet)
rElec   +          Harm     .   f - +0 cloak
rCorr   .          Rampage  .   (no gloves)
Will    +....                   (no barding)
Stlth   +.........              (no amulet)
HPRegen 0.22/turn               n - ring of flight
MPRegen 0.13/turn               (no ring)

@: flying, very slow
A: AC +2, large, see invisible, deformed body, poison resistance, slowness 2,
spit poison 1, naga tail 1
a: Spit Poison


You were on level 5 of the Dungeon.
You visited 1 branch of the dungeon, and saw 5 of its levels.

You collected 152 gold pieces.

Inventory:

Hand Weapons
 c - a +2 vorpal flail
 d - a +0 spear
 p - the +7 rapier of Chaos (weapon) {holy, rElec}
   (You found it on level 3 of the Dungeon)

   It has been blessed by the Shining One to cause great damage to the undead
   and demons.
   rElec:     It insulates you from electricity.
 x - a +3 short sword of draining
Missiles
 u - 2 poisoned darts (quivered)
 w - 3 boomerangs
Armour
 a - a +0 leather armour
 f - a +0 cloak (worn)
 g - a +0 scale mail (worn)
Jewellery
 n - a ring of flight (left hand)
 o - a +6 ring of intelligence
Scrolls
 b - 2 scrolls of blinking
 h - 3 scrolls of noise {unknown}
 i - a scroll of teleportation
 j - 2 scrolls of vulnerability {unknown}
 k - 2 scrolls of fog {unknown}
 m - a scroll of poison {unknown}
 r - a scroll of amnesia {unknown}
 s - a scroll of torment {unknown}
 t - 5 scrolls of identify
Potions
 e - 2 potions of curing
 l - a potion of lignification {unknown}
 q - a potion of degeneration {unknown}
 v - a potion of flight {unknown}
 z - a potion of berserk rage {unknown}


   Skills:
 + Level 4.0 Fighting
 + Level 3.2 Throwing
 - Level 0.7 Armour
 - Level 1.5 Dodging
 + Level 5.4 Stealth
 * Level 5.5 Unarmed Combat
 + Level 3.8 Spellcasting
 - Level 3.0 Translocations


You had 12 spell levels left.
You knew the following spells:

 Your Spells              Type           Power      Damage    Failure   Level
a - Blink                 Tloc           26%        N/A       34%         2

Your spell library contained the following spells:

 Spells                   Type           Power      Damage    Failure   Level
 Apportation              Tloc           26%        N/A       22%         1
 Gell's Gravitas          Tloc           13%        N/A       56%         3
 Lesser Beckoning         Tloc           13%        N/A       56%         3
 Teleport Other           Tloc           13%        N/A       56%         3
 Necrotize                Necr           12%        1d4       61%         1
 Summon Small Mammal      Summ           12%        N/A       61%         1
 Inner Flame              Hex/Fire       3%         N/A       93%         3
 Ozocubu's Armour         Ice            3%         N/A       93%         3
 Manifold Assault         Tloc           13%        N/A       99%         5
 Animate Dead             Necr           3%         N/A       100%        4
 Cause Fear               Hex            1%         N/A       100%        4
 Metabolic Englaciation   Hex/Ice        1%         N/A       100%        5
 Simulacrum               Ice/Necr       1%         N/A       100%        6
 Haunt                    Necr/Summ      1%         N/A       100%        7
 Discord                  Hex            1%         N/A       100%        8
 Infestation              Necr           1%         N/A       100%        8


Dungeon Overview and Level Annotations

Branches:
Dungeon (5/15)
 Temple: D:4-7

Altars:
Elyvilon
Okawaru
Sif Muna
Xom

Annotations:
D:5 Pikel


Innate Abilities, Weirdness & Mutations

Your serpentine skin is tough. (AC +2)
You have supernaturally acute eyesight. (SInv)
Armour fits poorly on your strangely shaped body.
Your system is resistant to poisons. (rPois)
You cover ground very slowly.
You can spit poison.
You have a snake-like lower body.


Message History

Pikel hits you with a +0 whip of flaming.
* * * LOW HITPOINT WARNING * * *
Pikel burns you.
* * * LOW HITPOINT WARNING * * *
Aiming: Spit Poison (1% risk of failure)
Press: ? - help, Shift-Dir - straight line, f/p - Pikel
Aim: Pikel, wielding a +0 whip of flaming and wearing a +0 robe (severely wounded, 55% to hit)
The splash of poison hits Pikel but does no damage.
Pikel is severely wounded.
Pikel hits you but does no damage.
Throw: throwing net
Press: ? - help, Q - select action, (/) - cycle Shift-Dir - straight line, f/p - Pikel
Aim: Pikel, wielding a +0 whip of flaming and wearing a +0 robe (severely wounded, 51% to hit)
You throw a throwing net. The throwing net hits Pikel.
Pikel is caught in the net!
Pikel is severely wounded.
Pikel struggles against the net.
You hit Pikel.
Pikel is severely wounded.
Pikel struggles against the net.
You strike the helpless Pikel from behind!
You puncture Pikel!
Pikel is almost dead.
Pikel struggles against the net.
You barely miss Pikel.
Pikel is almost dead.
Pikel struggles against the net.
You hit Pikel.
Pikel is almost dead.
Pikel struggles against the net.
The net rips apart, and Pikel comes free!
You hit Pikel but do no damage.
Pikel is almost dead.
You have got your breath back.
Pikel hits you with a +0 whip of flaming.
* * * LOW HITPOINT WARNING * * *
Pikel burns you.
* * * LOW HITPOINT WARNING * * *
Pikel hits you with a +0 whip of flaming.
You die...

## #..# ###..#
...#..####...##
#............#
#........###.....
##.##...## #...#
.. #..## ..##
..###..# ...#
#K.## ##.# ##@##
.. ##.## ##.##
#.## ###


You could see Pikel.

Vanquished Creatures
  Menkaure (D:5)
  Edmund (D:4)
  A black bear (D:4)
  A phantom (D:4)
  4 lemures
  3 necrophages (D:4)
  A howler monkey (D:5)
  A hound (D:4)
  2 iguanas (D:4)
  Natasha (D:4)
  3 gnolls (D:3)
  7 adders
  4 worms
  2 dart slugs
  3 orcs (D:4)
  4 endoplasms
  4 giant cockroaches
  11 goblins
  5 hobgoblins
  10 jackals
  7 quokkas
  9 ball pythons
  5 bats
  2 frilled lizards (D:1)
  7 kobolds
  2 rats
101 creatures vanquished.

Notes
Turn   | Place    | Note
-------+----------+-------------------------------------------
     0 | D:1      | Shayle the Naga Warper began the quest for the Orb.
     0 | D:1      | Reached XP level 1. HP: 19/19 MP: 3/3
   105 | D:1      | Found a faded altar of an unknown god.
   125 | D:1      | Reached skill level 1 in Throwing
   462 | D:1      | Reached XP level 2. HP: 9/26 MP: 5/5
   690 | D:1      | Reached skill level 1 in Stealth
  1488 | D:1      | Reached XP level 3. HP: 32/32 MP: 6/6
  1541 | D:1      | Learned a level 2 spell: Blink
  2590 | D:2      | Reached XP level 4. HP: 39/40 MP: 7/7
  3425 | D:3      | Identified the +7 rapier of Chaos {holy, rElec}
  3544 | D:3      | Found an iron altar of Okawaru.
  3544 | D:3      | Found a white marble altar of Elyvilon.
  3592 | D:3      | Reached XP level 5. HP: 46/46 MP: 8/8
  3891 | D:3      | Found a shimmering altar of Xom.
  4274 | D:4      | Noticed a black bear
  4356 | D:4      | Reached XP level 6. HP: 52/55 MP: 10/10
  4625 | D:4      | Noticed Edmund
  4643 | D:4      | Killed Edmund
  4971 | D:4      | Killed a black bear
  4972 | D:4      | Reached XP level 7. HP: 55/62 MP: 11/11
  5096 | D:4      | Reached skill level 5 in Unarmed Combat
  5422 | D:4      | Reached skill level 5 in Stealth
  5487 | D:4      | Noticed Natasha
  5494 | D:4      | Killed Natasha
  5511 | D:4      | Found a shimmering blue altar of Sif Muna.
  5668 | D:5      | Entered Level 5 of the Dungeon
  5741 | D:5      | Noticed Menkaure
  5750 | D:5      | Killed Menkaure
  5751 | D:5      | Reached XP level 8. HP: 48/72 MP: 13/13
  6153 | D:5      | Noticed Pikel
  6199 | D:5      | Slain by Pikel

Illustrated notes

Levels and vault maps discovered:
D:1:      erik_arrival_triangle_small, layout_basic, basic_ecumenical_altar
D:2:      layout_loops_cross
D:3:      layout_loops_cross, lemuel_crystal_altar,
          gammafunk_temple_overflow_statue, serial_aquarium,
          aquarium_bridge_straight [aquarium_subvault_bridge,
          aquarium_subvault_balcony, aquarium_subvault_bridge,
          aquarium_subvault_wall], aquarium_window_fake, aquarium_window_3,
          aquarium_view_2b, aquarium_balcony_double_4, aquarium_pool_double
D:4:      minmay_clustersquares, layout_loops_ring, led_sif_pool, serial_rivers,
          chequers_serial_rivers_marsh, chequers_serial_rivers_small_3,
          chequers_serial_rivers_room_a, chequers_serial_rivers_small_b,
          chequers_serial_rivers_micro_b, chequers_serial_rivers_micro_e,
          chequers_serial_rivers_small_b, uniq_edmund, uniq_natasha
D:5:      layout_layer_cave, uniq_pikel, uniq_menkaure

Skill      XL: |  1  2  3  4  5  6  7 |
---------------+----------------------+-----
Throwing       | 1 2 3 |  3.2
Stealth        | 1 2 3 4 5 |  5.4
Unarmed Combat | 3 4 5 |  5.5
Fighting       | 3 4 |  4.0
Spellcasting   | 3 |  3.8
Armour         | |  0.7
Dodging        | |  1.5
Translocations | |  3.0

Action                   |  1- 3 |  4- 6 |  7- 9 || total
-------------------------+-------+-------+-------++-------
Melee: Spear             |    86 |    24 |       ||   110
       Punch             |     3 |     2 |     5 ||    10
       Rapier            |       |    52 |    81 ||   133
Throw: Boomerang         |     4 |     3 |       ||     7
       Dart              |       |     3 |     3 ||     6
       Throwing net      |       |       |     1 ||     1
 Abil: Spit Poison       |    45 |    25 |    24 ||    94
  Use: Scroll            |       |     3 |       ||     3
       Potion            |       |     2 |     3 ||     5
 Stab: Sleeping          |       |     1 |       ||     1
       Held in net/web   |       |       |     1 ||     1
Armor: Leather armour    |    33 |    26 |       ||    59
       Scale mail        |       |     5 |    42 ||    47
Dodge: Dodged            |    66 |    48 |    34 ||   148

Table legend: (Time is in decaauts)
 A = Elapsed time spent in this place.
 B = Non-inter-level travel time spent in this place.
 C = Inter-level travel time spent in this place.
 D = Time resting spent in this place.
 E = Time spent auto-exploring this place.
 F = Levels seen in this place.
 G = Mean time per level.
                   A        B        C        D        E       F      G
               +--------+--------+--------+--------+--------+-----+--------+
         Total |   7530 |   7388 |    142 |   2217 |   3556 |   5 | 1506.0 |
       Dungeon |   7530 |   7388 |    142 |   2217 |   3556 |   5 | 1506.0 |
               +--------+--------+--------+--------+--------+-----+--------+

Top non-repeatable levels by time:
     D:1: 2364 daAuts
     D:4: 2170 daAuts
     D:2: 1663 daAuts
     D:3: 999 daAuts
     D:5: 334 daAuts
